Map: Catalyst LE

Players

BackupJ (Kas)

  • Race: Terran Terran
  • Spawn Location: 5:00

HeRoMaRinE - Winner!

  • Race: Terran Terran
  • Spawn Location: 11:00

Event: WCS Leipzig 2018

VOD

Have the link to the VOD?

Description

Time

  • Played on: Jan. 26, 2018, 9:51 a.m.
  • Length: 2:59

All games in this series

Show
View Real Time Build Order
Export as new Build Order

BackupJ Terran 

Build Orders: Gas First Reaper Expand, Reaper Expand 

Get SALT Encoding   

  12  0:00  SCV  
  13  0:13  SCV  
  14  0:17  Supply Depot  
  14  0:25  SCV  
  14  0:28  Refinery  
  15  0:38  SCV  
  16  0:46  Barracks  
  16  0:51  SCV  
  17  1:03  SCV  
  18  1:15  SCV  
  19  1:32  Orbital Command  
  19  1:33  Reaper  
  20  1:44  Command Center  
  20  1:55  Factory  
  20  1:58  SCV  
  21  2:05  Refinery  
  21  2:07  Reaper  
  22  2:11  SCV  
  23  2:19  Supply Depot  
  23  2:31  SCV  
Show
View Real Time Build Order
Export as new Build Order

HeRoMaRinE Terran - Winner!

Build Orders:  

Get SALT Encoding   

  12  0:00  SCV  
  13  0:12  SCV  
  14  0:19  Supply Depot  
  14  0:24  SCV  
  15  0:41  Barracks  
  15  0:45  Refinery  
  15  0:57  Barracks  
  15  1:01  SCV  
  16  1:13  SCV  
  17  1:19  Refinery  
  18  1:28  Reaper  
  18  1:31  Orbital Command  
  18  1:45  Reaper  
  19  1:48  Supply Depot  
  19  1:57  SCV  
  19  2:00  Reaper  
  21  2:14  Factory  
  21  2:17  SCV  
  21  2:22  Reaper  
  23  2:29  SCV  
  25  2:42  SCV  
Tags
 
Add a new tag
Caveats
  • Supply blocks, unpowered buildings, or Contaminate may cause inaccurate times.
  • Supply counts are checked every 10 seconds.